 Dungeon Crawl Stone Soup version 0.28-b1-25-g9875b3fc8c (webtiles) character file.

Game seed: 11569460168032175865

90 zeram the Covered (level 4, -1/29 HPs)
             Began as a Gargoyle Fighter on Feb 2, 2022.
             Slain by a centaur (3 damage)
             ... on level 3 of the Dungeon.
             The game lasted 00:02:06 (2739 turns).

zeram the Covered (Gargoyle Fighter)                Turns: 2739, Time: 00:02:07

Health: -1/29      AC: 10    Str: 21    XL:     4   Next: 56%
Magic:  4/4        EV:  9    Int:  9    God:
Gold:   37         SH:  4    Dex:  9    Spells: 3/3 levels left

rFire   . . .      SeeInvis .   a - +0 flail
rCold   . . .      Faith    .   c - +0 buckler
rNeg    + . .      Spirit   .   b - +0 scale mail
rPois   ∞          Reflect  .   (no helmet)
rElec   +          Harm     .   (no cloak)
rCorr   .          Rampage  .   (no gloves)
Will    +....                   (no boots)
Stlth   ..........              (no amulet)
HPRegen 0.09/turn               h - ring of willpower
MPRegen 0.09/turn               (no ring)

@: invisible
A: sickness immunity, AC +3, negative energy resistance 1, electricity
resistance, torment resistance 1, petrification resistance
a: no special abilities


You were on level 3 of the Dungeon.
You visited 1 branch of the dungeon, and saw 3 of its levels.

You collected 37 gold pieces.

Inventory:

Hand Weapons
 a - a +0 flail (weapon)
Armour
 b - a +0 scale mail (worn)
 c - a +0 buckler (worn)
Jewellery
 h - a ring of willpower (left hand)
Scrolls
 d - a scroll of torment
 e - a scroll of identify
 g - a scroll of teleportation
 i - a scroll of noise {unknown}


   Skills:
 + Level 3.8 Fighting
 + Level 3.0 Maces & Flails
 + Level 4.1 Armour
 + Level 0.7 Dodging
 + Level 3.7 Shields


You had 3 spell levels left.
You didn't know any spells.
Your spell library contained the following spells:

 Spells                   Type           Power      Damage    Failure   Level
 Beastly Appendage        Tmut           0%         N/A       80%         1
 Wereblood                Tmut           0%         N/A       91%         2
 Spider Form              Tmut/Pois      0%         N/A       99%         3


Dungeon Overview and Level Annotations

Branches:
Dungeon (3/15)

Altars:


Innate Abilities, Weirdness & Mutations

You are immune to sickness and miasma.
Your stone body is resilient. (AC +3)
You are immune to poison.
You resist negative energy. (rN+)
You are resistant to electric shocks. (rElec)
You are resistant to unholy torment.
You are immune to petrification.


Message History

You barely miss the centaur.
The centaur is severely wounded.
The centaur closely misses you. The centaur barely misses you.
The centaur hits you but does no damage.
The centaur closely misses you.
You barely miss the centaur.
The centaur is severely wounded.
The centaur barely misses you.
The centaur kicks you but does no damage.
The centaur closely misses you. The centaur barely misses you.
You completely miss the centaur.
The centaur is severely wounded.
The centaur hits you. You block the centaur's attack. The centaur hits you.
* * * LOW HITPOINT WARNING * * *
You block the centaur's attack.
You barely miss the centaur.
The centaur is severely wounded.
The centaur hits you but does no damage.
The centaur kicks you but does no damage.
The centaur misses you.
The centaur kicks you but does no damage.
You hit the centaur.
The centaur is almost dead.
The centaur hits you but does no damage.
The centaur barely misses you.
The centaur hits you but does no damage.
The centaur kicks you.
* * * LOW HITPOINT WARNING * * *
You barely miss the centaur.
The centaur is almost dead.
The centaur hits you.
* * * LOW HITPOINT WARNING * * *
The centaur kicks you but does no damage.
The centaur barely misses you.
The centaur kicks you but does no damage.
You fade into invisibility!
The centaur barely misses you. The centaur kicks you.
* * * LOW HITPOINT WARNING * * *
The centaur hits you.
You die...

#. ####. .## #. .....
..# #.## ....†##.####...
...........#..#
.........#.#..### ##
.....).........( ..
.....†...#.#..####.###
.....†...#......@c...#
.........#.#..####.###
...........#.........
......###..#..##.#.###
......# #..#..##.#.#
......# ##.#..##.#.#
......# #.#..##...#
......####....##.#.###.#
####'##................#


You could see a centaur.

Vanquished Creatures
  3 adders
  A worm (D:2)
  A dart slug (D:3)
  3 ball pythons
  3 bats
  7 endoplasms
  2 giant cockroaches
  8 hobgoblins
  5 kobolds
  3 quokkas (D:2)
  4 frilled lizards
  7 goblins
  3 rats
50 creatures vanquished.

Notes
Turn   | Place    | Note
-------+----------+-------------------------------------------
     0 | D:1      | zeram the Gargoyle Fighter began the quest for the Orb.
     0 | D:1      | Reached XP level 1. HP: 14/14 MP: 1/1
   464 | D:1      | Reached XP level 2. HP: 16/19 MP: 2/2
  1154 | D:1      | Found a faded altar of an unknown god.
  1304 | D:2      | Reached XP level 3. HP: 21/23 MP: 3/3
  2115 | D:2      | Reached skill level 4 in Armour
  2217 | D:2      | Reached XP level 4. HP: 17/29 MP: 4/4
  2720 | D:3      | Noticed a centaur
  2739 | D:3      | Slain by a centaur

Illustrated notes

Levels and vault maps discovered:
D:1:      nzn_arrival_depleted_hourglass, layout_rooms,
          hellmonk_ecumenical_altar_inner_sanctum
D:2:      layout_loops_cross
D:3:      layout_basic, lexackson_kobold_supper

Skill      XL: |  1  2  3  4 |
---------------+-------------+-----
Armour         | 4 |  4.1
Maces & Flails | 3 |  3.0
Fighting       | |  3.8
Dodging        | |  0.7
Shields        | |  3.7

Action                   |  1- 3 |  4- 6 || total
-------------------------+-------+-------++-------
Melee: Flail             |   154 |    50 ||   204
  Use: Potion            |     1 |     1 ||     2
       Scroll            |     1 |     2 ||     3
Armor: Scale mail        |    92 |    46 ||   138
Dodge: Dodged            |   116 |    43 ||   159
Block: Buckler           |    45 |    17 ||    62
